 Dungeon Crawl Stone Soup version 0.20.1-1-g8b1a95d (console) character file.

196 hilaritas the Sneak (level 5, -3/25 HPs)
             Began as a Spriggan Assassin on Sept 24, 2017.
             Was a Believer of Lugonu.
             Killed from afar by an orc wizard (4 damage)
             ... with a magic dart
             ... on level 3 of the Dungeon.
             The game lasted 00:07:38 (3427 turns).

hilaritas the Sneak (Spriggan Assassin)             Turns: 3427, Time: 00:07:39

Health: -3/25      AC:  3    Str:  8    XL:     5   Next: 46%
Magic:  6/6        EV: 16    Int: 12    God:    Lugonu [**....]
Gold:   119        SH:  6    Dex: 18    Spells: 4/4 levels left

rFire    . . .     SeeInvis +   a - +2 dagger
rCold    . . .     Gourm    .   z - +0 buckler
rNeg     . . .     Faith    .   c - +0 robe
rPois    .         Spirit   .   (helmet restricted)
rElec    .         Reflect  .   d - +0 cloak
rCorr    .         Harm     .   (gloves unavailable)
MR       .....                  (boots unavailable)
Stlth    ++++......             (no amulet)
Regen    0.1/turn               (no ring)
MPRegen  0.1/turn               (no ring)

@: very quick
A: unfitting armour, see invisible, herbivore 3, speed 3, slow metabolism 2
a: Depart the Abyss, Bend Space, Renounce Religion


You were on level 3 of the Dungeon.
You worshipped Lugonu.
Lugonu was pleased with you.
You were not hungry.

You visited 1 branch of the dungeon, and saw 3 of its levels.

You collected 119 gold pieces.

Inventory:

Hand Weapons
 a - a +2 dagger (weapon)
 b - a +0 blowgun
Missiles
 e - 25 poisoned needles
 f - 2 curare-tipped needles
 j - 24 arrows
Armour
 c - a +0 robe (worn)
 d - a +0 cloak (worn)
 z - a +0 buckler (worn)
Jewellery
 v - an uncursed ring of flight {unknown}
 C - a cursed ring of teleportation {unknown}
Scrolls
 k - 2 scrolls of identify {unknown}
 l - 2 scrolls of remove curse {unknown}
 n - 3 scrolls of teleportation {unknown}
 o - a scroll of recharging {unknown}
 p - a scroll of fear {unknown}
 s - a scroll of magic mapping {unknown}
 t - 3 scrolls of immolation {unknown}
 w - 4 scrolls of random uselessness {unknown}
 x - 2 scrolls of fog {unknown}
 y - 2 scrolls of amnesia {unknown}
 A - a scroll of enchant armour {unknown}
 F - a scroll of noise {unknown}
Potions
 h - 3 potions of degeneration {unknown}
 i - 2 potions of curing {unknown}
 m - 2 potions of lignification {unknown}
 q - a potion of magic {unknown}
 u - a potion of heal wounds {unknown}
 B - 2 potions of ambrosia {unknown}
 D - a potion of haste {unknown}
 E - a potion of might {unknown}
 G - a potion of cancellation {unknown}
Comestibles
 g - 2 bread rations
 r - 3 fruits


   Skills:
 - Level 1.5 Fighting
 * Level 4.8 Short Blades
 - Level 2.0 Throwing
 - Level 1.5 Dodging
 + Level 7.9 Stealth
 * Level 0.7 Shields
 * Level 0.2 Invocations


You had 4 spell levels left.
You didn't know any spells.

Dungeon Overview and Level Annotations

Branches:
Dungeon (3/15)

Altars:
Ashenzari
Qazlal
Lugonu


Innate Abilities, Weirdness & Mutations

You are very small and have problems with some larger weapons.
You are too small for most types of armour.
You have supernaturally acute eyesight. (SInv)
You are a herbivore.
You cover ground extremely quickly.
You need consume almost no food.


Message History

You hit the orc wizard but do no damage.
The orc wizard is severely wounded.
The orc wizard mumbles some strange words.
The orc wizard seems to speed up.
The orc hits you.
* * * LOW HITPOINT WARNING * * *
You don't have enough health at the moment.
The orc wizard mumbles some strange words.
The orc wizard blinks!
The orc barely misses you.
You hit the orc.
You kill the orc!
Lugonu accepts your kill.
The orc wizard casts a spell.
The orc wizard blinks!
Found a stone staircase leading down.
The orc wizard hits you but does no damage.
You hit the orc wizard but do no damage.
The orc wizard is severely wounded.
The orc wizard gestures at you while chanting.
The magic dart hits you!
You die...

....#### . ###....###....
....#.........
.####.#####.....######## ..# #.#
#..........>..#
#.###.####.............#
÷..##...##.............#
.#..###..#.............#
.#.......#...........(.#
.......................#
.#....>#........@o...... ..
.#####.#........§#...###... ##
#)##)...........#....#
#.####.....#..)(...#. #.#
##.##.....8P.P#.. #.#
#.###....88..# ..
#.#####.#.....[....# #.####
#.....#.#......8P.P# ...#
########........8...###.#######(.
)................................
########.....#.........##.#.####.


You could see an orc wizard.

Vanquished Creatures
  Natasha (thrice) (D:3)
  A howler monkey zombie (D:3)
  A worker ant zombie (D:3)
  An adder (D:3)
  2 adder zombies (D:3)
  An adder skeleton (D:3)
  3 worms
  A dart slug (D:2)
  A leopard gecko (D:2)
  4 orcs (D:3)
  A ball python (D:2)
  A giant cockroach (D:1)
  7 goblins
  9 hobgoblins
  4 jackals (D:1)
  A quokka (D:2)
  6 bats
  A frilled lizard (D:1)
  A giant cockroach zombie (D:3)
  A jackal skeleton (D:3)
  8 kobolds
  A leopard gecko skeleton (D:3)
  A quokka zombie (D:3)
  10 rats
70 creatures vanquished.

Notes
Turn   | Place    | Note
-------+----------+-------------------------------------------
     0 | D:1      | hilaritas the Spriggan Assassin began the quest for the Orb.
     0 | D:1      | Reached XP level 1. HP: 10/10 MP: 2/2
    51 | D:1      | Reached skill level 6 in Stealth
   206 | D:1      | Reached XP level 2. HP: 9/14 MP: 3/3
   880 | D:1      | Reached skill level 7 in Stealth
  1021 | D:2      | Reached XP level 3. HP: 18/18 MP: 4/4
  1314 | D:2      | Found a stormy altar of Qazlal.
  1338 | D:2      | Found a shattered altar of Ashenzari.
  2022 | D:3      | Reached XP level 4. HP: 14/22 MP: 5/5
  2648 | D:3      | Noticed Natasha
  2655 | D:3      | Killed Natasha
  2700 | D:3      | Found a faded altar of an unknown god.
  2714 | D:3      | Became a worshipper of Lugonu the Unformed
  2714 | D:3      | Reached * piety under Lugonu
  2714 | D:3      | Reached ** piety under Lugonu
  2726 | D:3      | Noticed Natasha
  2738 | D:3      | Killed Natasha
  2738 | D:3      | Reached XP level 5. HP: 11/25 MP: 6/6
  3077 | D:3      | Noticed Natasha
  3093 | D:3      | Killed Natasha
  3419 | D:3      | HP: 1/25 [orc (5)]
  3427 | D:3      | Killed from afar by an orc wizard

Skill      XL: |  1  2  3  4 |
---------------+-------------+-----
Stealth        | 6 7 |  7.9
Short Blades   | 3 4 |  4.8
Fighting       | |  1.5
Throwing       | |  2.0
Dodging        | |  1.5
Shields        | |  0.7
Invocations    | |  0.2

Action                   |  1- 3 |  4- 6 || total
-------------------------+-------+-------++-------
Melee: Dagger            |   163 |   145 ||   308
 Stab: Sleeping          |    15 |     4 ||    19
  Eat: Fruit             |       |     1 ||     1
Armor: Robe              |    11 |     8 ||    19
Dodge: Dodged            |    96 |    73 ||   169
Block: Buckler           |     4 |    25 ||    29
